 Dungeon Crawl Stone Soup version 0.31.0-9-g3a7656b989 (webtiles) character file.

Game seed: 8753116619493925763

2109 Skeral the Firebug (level 9, -2/55 HPs)
             Began as a Gargoyle Fire Elementalist on Jan 24, 2024.
             Was an Initiate of Vehumet.
             Slain by a gnoll sergeant
             ... wielding a +1 spear of freezing
              (5 damage)
             ... on level 6 of the Dungeon.
             The game lasted 00:17:57 (5697 turns).

Skeral the Firebug (Gargoyle Fire Elementalist)     Turns: 5697, Time: 00:17:58

Health: -2/55      AC: 12    Str: 13    XL:     9   Next: 28%
Magic:  15/22      EV: 11    Int: 24    God:    Vehumet [......]
Gold:   293        SH:  4    Dex: 10    Spells: 3/14 levels left

rFire   . . .        o - +2 short sword "Plog" {pain, Will+ Int+5}
rCold   . . .        k - +0 buckler
rNeg    + . .        a - +0 robe
rPois   ∞            j - +0 helmet
rElec   +            B - +0 cloak
rCorr   .            e - +0 pair of gloves
SInv    .            q - +0 pair of boots
Will    +....        g - amulet of regeneration
Stlth   ++           W - ring of magical power
HPRegen 1.09/turn    (no ring)
MPRegen 0.18/turn

%: no passive effects
@: no status effects
A: sickness immunity, AC +6, negative energy resistance 1, electricity
resistance, torment resistance 1, petrification resistance
a: Renounce Religion


You were on level 6 of the Dungeon.
You worshipped Vehumet.
Vehumet was noncommittal.
You visited 2 branches of the dungeon, and saw 7 of its levels.

You collected 369 gold pieces.
You spent 76 gold pieces at shops.


Innate Abilities, Weirdness & Mutations

You are immune to sickness and miasma.
Your stone body is resilient. (AC +6)
You are immune to poison.
You resist negative energy. (rN+)
You are resistant to electric shocks. (rElec)
You are resistant to unholy torment.
You are immune to petrification.


   Skills:
 - Level 6.0 Fighting
 + Level 2.7 Dodging
 - Level 2.1 Stealth
 - Level 3.0 Shields
 - Level 3.0 Spellcasting
 + Level 5.0 Conjurations
 + Level 4.5 Translocations
 - Level 7.0 Fire Magic
 + Level 0.0 Alchemy


You had 3 spell levels left.
You knew the following spells:

 Your Spells              Type           Power      Damage    Failure   Level
f - Foxfire               Conj/Fire      100%       2x1d9     1%          1
i - Irradiate             Conj/Alch      7%         3d14      82%         5
s - Scorch                Fire           74%        2d8       1%          2
X - Volatile Blastmotes   Fire/Tloc      62%        2d15      4%          3

Your spell library contained the following spells:

 Spells                   Type           Power      Damage    Failure   Level
 Shock                    Conj/Air       60%        1d6       5%          1
 Inner Flame              Hex/Fire       20%        N/A       11%         3
 Swiftness                Air            3%         N/A       41%         3
 Flame Wave               Conj/Fire      32%        2d9       12%         4
 Airstrike                Air            1%         2d(1-17)  82%         4
 Petrify                  Alch/Erth      3%         N/A       82%         4
 Sublimation of Blood     Necr           Unusable   N/A       N/A         2

Inventory:

Hand Weapons
 o - the +2 short sword "Plog" (weapon) {pain, Will+ Int+5}
   (You found it on level 2 of the Dungeon)

   Int+5:     It affects your intelligence (+5).
   Will+:     It increases your willpower.
Missiles
 f - 6 boomerangs
 p - 6 poisoned darts
 w - 6 datura-tipped darts
Armour
 a - a +0 robe (worn)
 e - a +0 pair of gloves (worn)
   (You found it on level 3 of the Dungeon)
 j - a +0 helmet (worn)
   (You found it on level 1 of the Dungeon)
 k - a +0 buckler (worn)
   (You found it on level 1 of the Dungeon)
 q - a +0 pair of boots (worn)
   (You found it on level 3 of the Dungeon)
 B - a +0 cloak (worn)
   (You took it off Crazy Yiuf on level 6 of the Dungeon)
Jewellery
 g - an amulet of regeneration (around neck)
   (You found it on level 6 of the Dungeon)
 W - a ring of magical power (left hand)
   (You found it on level 6 of the Dungeon)
Wands
 s - a wand of paralysis (7)
   (You found it on level 4 of the Dungeon)
 v - a wand of flame (15)
   (You found it on level 5 of the Dungeon)
 A - a wand of roots (4)
   (You found it on level 5 of the Dungeon)
Scrolls
 b - a scroll of enchant armour
 d - a scroll of amnesia
 l - a scroll of teleportation {@r4}
 m - a scroll of blinking {!r}
 n - a scroll of torment {!r}
 r - a scroll of enchant weapon
 t - a scroll of fear
Potions
 c - a potion of might
 h - a potion of resistance {unknown}
 i - a potion of ambrosia
 u - a potion of curing {@q1}
 x - a potion of heal wounds {unknown}
 z - a potion of brilliance

Dungeon Overview and Level Annotations

Branches:
Dungeon (6/15) Zot: 26318  Temple (1/1) D:6 Zot: 5963

Altars:
Ashenzari
Dithmenos
Elyvilon
Fedhas
Gozag
Hepliaklqana
Kikubaaqudgha
Makhleb
Ru
Sif Muna
Trog
Uskayaw
Vehumet
Wu Jian
Xom
Yredelemnul
Zin

Shops:
D:1 *

Portals:
Abyss: D:6

Annotations:
D:6 2 transporters, Jingleheimer's ghost, novice FoDe; Menkaure
Temple 2 transporters

......⌠..>..⌠.###
........##....
........g...M).#........#
##...
#...###...###..#.....###
##.. #.#.# #.⌠.#
#.......# . )#©.
#...###.g.###.......#
###..
#.....##.g#.........##
...
#............g####...# .
...# #.###........O##
#...# .. #©# # #.#
#...#.##..@###..##.#
###:# #.#
#...#.##........#.. .).#^
#.# #...#.#....<....## .^
...# +..
+...'............##..
.o.[ #.#
#...##.####.......#.##
#### +.#
######...##.#....##..
##..# #.#
###....#....##.###...#
### ######....####......
#................


You could see an ogre (combustible), a gnoll sergeant (combustible), Menkaure
and 2 gnolls.


Message History

😎 MP[+1]
Your mp is fully restored (22).
You climb upwards.
Welcome back to the Dungeon!
Level annotation: 2 transporters, Jingleheimer's ghost, novice FoDe The gnoll barely misses you.
The gnoll sergeant throws a stone.
You block the stone. The ogre misses you. The gnoll hits you with a +0 flail.
The gnoll sergeant throws a stone.
The stone hits you but does no damage.
There is a staircase to the Ecumenical Temple here. 😕 HP[-2]
You take 2 damage, and now have 53/55 hp.
Casting: Scorch (safe; 1% risk of failure)
Confirm with . or Enter, or press ? or * to list all spells.
You conjure some foxfire!
The ogre barely misses you.
The gnoll hits you but does no damage. 😕 HP[+1] MP[-1]
You lost 1 mp, and now have 21/22 mp.
Casting: Foxfire (safe; 1% risk of failure)
Confirm with . or Enter, or press ? or * to list all spells.
You conjure some foxfire!
The foxfire hits the gnoll.
The foxfire hits the ogre.
The gnoll barely misses you.
You block the ogre's attack. 😎 HP[+1] MP[-1]
Your hp is fully restored (55).
You lost 1 mp, and now have 20/22 mp.
The foxfire hits the ogre. x2; You block the gnoll's attack.
The gnoll sergeant throws a stone.
The stone hits you. 😕 HP[-5]
You take 5 damage, and now have 50/55 hp.
The gnoll hits you with a +0 flail!
The gnoll sergeant throws a stone.
The stone closely misses you. 😕 HP[-6]
You take 6 damage, and now have 44/55 hp.
The gnoll attacks as it pursues you!
The gnoll closely misses you. 😕 HP[+1] MP[+1]
The gnoll attacks as it pursues you!
The gnoll hits you with a +0 flail. 😮 HP[-5]
You take 5 damage, and now have 40/55 hp. 😮 HP[+1]
The ogre attacks as it pursues you!
The ogre hits you with a +0 giant spiked club!
* * * LOW HITPOINT WARNING * * *
😨 HP[-14]
You take 14 damage, and now have 27/55 hp.
MASSIVE DAMAGE!! (PAUSE)
Casting: Foxfire (safe; 1% risk of failure)
Confirm with . or Enter, or press ? or * to list all spells.
Flames lash the ogre.
The ogre's fire resistance burns away.
You hear a shout! x2
Something shouts, "Scamper home, thou unhinged bat-fowling gnoll-tail!" 😮 HP[+1] MP[-2]
You lost 2 mp, and now have 19/22 mp.
Casting: Scorch (safe; 1% risk of failure)
Confirm with . or Enter, or press ? or * to list all spells.
Flames lash the gnoll.
The gnoll's fire resistance burns away.
The ogre hits you with a +0 giant spiked club!
* * * LOW HITPOINT WARNING * * *
Menkaure, Prince of Dust comes into view. 😨 HP[-13] MP[-2]
You take 13 damage, and now have 15/55 hp.
MASSIVE DAMAGE!! (PAUSE)
You lost 2 mp, and now have 17/22 mp.
Aiming: Paralyse
Press: ? - help, Shift-Dir - straight line, f - ogre
Aim: an ogre, wielding a +0 giant spiked club (heavily wounded, more vulnerable to fire, chance to affect: 49%)
Okay, then.
Aiming: Fastroot
Press: ? - help, Shift-Dir - straight line The roots erupt in riotous growth!
Roots grab the ogre.
Roots grab the gnoll.
The grasping roots constrict the ogre.
The grasping roots constrict the gnoll.
You kill the gnoll!
Vehumet accepts your kill. The ogre hits you but does no damage.
A white imp comes into view. 😨 HP[+1] MP[+1]
The grasping roots constrict the ogre.
The roots release their grip on the ogre. 😨 HP[+1]
The ogre is no longer more vulnerable to fire. 😨 HP[+1] 😨 HP[+1] 😨 HP[+1]
The ogre attacks as it pursues you!
The ogre hits you with a +0 giant spiked club!
* * * LOW HITPOINT WARNING * * *
😱 HP[-8]
You take 8 damage, and now have 12/55 hp.
Casting: Scorch (safe; 1% risk of failure)
Confirm with . or Enter, or press ? or * to list all spells.
Flames lash the ogre.
The ogre's fire resistance burns away.
You hear a shout! 😱 HP[+1] MP[-1]
You lost 1 mp, and now have 17/22 mp.
Casting: Scorch (safe; 1% risk of failure)
Confirm with . or Enter, or press ? or * to list all spells.
Flames lash the gnoll sergeant.
The gnoll sergeant's fire resistance burns away.
The ogre hits you with a +0 giant spiked club!
* * * LOW HITPOINT WARNING * * *
The gnoll sergeant hits you from afar with a +1 spear of freezing.
You die...

Skill      XL: |  1  2  3  4  5  6  7  8  9 |
---------------+----------------------------+-----
Conjurations   | 2 3 4 5 |  5.0
Shields        | 1 2 3 |  3.0
Fire Magic     | 4 5 6 7 |  7.0
Spellcasting   | 3 |  3.0
Fighting       | 2 5 6 |  6.0
Dodging        | 2 |  2.7
Translocations | 4 |  4.5
Stealth        | |  2.1

Action                     |  1- 3 |  4- 6 |  7- 9 || total
---------------------------+-------+-------+-------++-------
  Melee: Dagger            |    19 |     7 |       ||    26
         Short sword       |       |    79 |    51 ||   130
   Cast: Foxfire           |    34 |    40 |    21 ||    95
         Scorch            |       |    29 |    84 ||   113
  Evoke: Wand              |       |       |     3 ||     3
    Use: Potion            |       |     4 |     1 ||     5
         Scroll            |       |     5 |     6 ||    11
   Stab: Sleeping          |     1 |       |       ||     1
         Paralysed         |       |       |     2 ||     2
 Armour: Robe              |    11 |    72 |    75 ||   158
  Dodge: Dodged            |     8 |    58 |    63 ||   129
  Block: Buckler           |       |    12 |    21 ||    33

Levels and vault maps discovered:
D:1:      dpeg_arrival_connections, layout_basic, serial_shops, shop
D:2:      minmay_razor_zed, layout_basic, uniq_natasha
D:3:      layout_loops_ring, yredelemnul_altar_generic,
          mainiacjoe_overflow_large_starburst, uniq_sigmund
D:4:      layout_loops_cross, mainiacjoe_overflow_catwalk
D:5:      layout_loops_ring
D:6:      layout_basic, mainiacjoe_overflow_divided_tiny,
          minmay_temple_entry_junction, gammafunk_ghost_abyssal_escape,
          uniq_pikel, uniq_crazy_yiuf_cottage, uniq_menkaure
Temple:   hellmonk_temple_divided_pantheon

Notes
Turn   | Place    | Note
-------+----------+-------------------------------------------
     0 | D:1      | Skeral the Gargoyle Fire Elementalist began the quest for
                  | the Orb.
     0 | D:1      | Reached XP level 1. HP: 10/10 MP: 3/3
     0 | D:1      | magus.rc [v1.10.3]
    96 | D:1      | Found Upair's Assorted Antiques.
   197 | D:1      | Reached XP level 2. HP: 13/15 MP: 1/5
   241 | D:1      | You pick up a book of Air and begin reading...
   241 | D:1      | You add the spells Shock, Swiftness and Airstrike to your
                  | library.
   324 | D:1      | Reached skill level 2 in Conjurations
   471 | D:1      | Reached XP level 3. HP: 19/19 MP: 2/6
   992 | D:2      | Noticed Natasha
  1001 | D:2      | Killed Natasha
  1002 | D:2      | Reached skill level 1 in Shields
  1027 | D:2      | Learned a level 2 spell: Scorch
  1087 | D:2      | Reached XP level 4. HP: 24/24 MP: 7/7
  1142 | D:2      | HP: 1/24 [ribbon worm (6)]
  1152 | D:2      | HP: 2/24 [ribbon worm (6)]
  1247 | D:1      | Bought a scroll labelled PINATO GOJOURYN for 19 gold pieces
  1247 | D:1      | Bought a scroll labelled ASEXZA ASAUBO for 19 gold pieces
  1247 | D:1      | Bought a scroll labelled DASYWUCVI IFAB for 19 gold pieces
  1247 | D:1      | Bought a scroll labelled NUFACU KOERIO for 19 gold pieces
  1310 | D:2      | Identified the +2 short sword "Plog" {pain, Will+ Int+5}
  1406 | D:2      | Noticed Natasha
  1408 | D:2      | Killed Natasha
  1409 | D:2      | Reached skill level 3 in Conjurations
  1409 | D:2      | Reached skill level 4 in Fire Magic
  1483 | D:2      | Noticed Natasha
  1506 | D:2      | Killed Natasha
  1507 | D:2      | Reached XP level 5. HP: 28/28 MP: 2/8
  1579 | D:2      | HP: 5/28 [orc/+0 flail (4)]
  1584 | D:2      | HP: 1/28 [orc/+0 flail (7)]
  1585 | D:2      | Reached skill level 2 in Shields
  2498 | D:3      | Noticed Sigmund
  2516 | D:3      | Killed Sigmund
  2517 | D:3      | Reached skill level 3 in Spellcasting
  2517 | D:3      | Reached skill level 4 in Conjurations
  2517 | D:3      | Reached skill level 5 in Fire Magic
  2517 | D:3      | Reached XP level 6. HP: 27/32 MP: 1/10
  2655 | D:3      | Found a basalt altar of Yredelemnul.
  2778 | D:3      | Found a bloodstained altar of Trog.
  3021 | D:3      | Found an opulent altar of Gozag.
  3182 | D:4      | Reached XP level 7. HP: 36/36 MP: 6/11
  3413 | D:4      | Reached skill level 5 in Conjurations
  3413 | D:4      | Reached skill level 6 in Fire Magic
  3609 | D:4      | Found a glowing silver altar of Zin.
  4116 | D:4      | Reached skill level 1 in Fighting
  4136 | D:5      | Entered Level 5 of the Dungeon
  4275 | D:5      | Learned a level 3 spell: Volatile Blastmotes
  4469 | D:5      | Reached skill level 2 in Fighting
  4469 | D:5      | Reached XP level 8. HP: 39/44 MP: 3/12
  4485 | D:5      | Reached skill level 2 in Dodging
  4485 | D:5      | Reached skill level 1 in Translocations
  4485 | D:5      | Reached skill level 7 in Fire Magic
  4845 | D:5      | Reached skill level 3 in Fighting
  4845 | D:5      | Reached skill level 3 in Shields
  4845 | D:5      | Reached skill level 2 in Translocations
  4976 | D:6      | Noticed Pikel
  5177 | D:5      | magus.rc [v1.10.3]
  5225 | D:5      | HP: 9/46 [Pikel/+2 whip of electrocution (11)]
  5244 | D:5      | Killed Pikel
  5245 | D:5      | Reached skill level 5 in Fighting
  5245 | D:5      | Reached skill level 4 in Translocations
  5245 | D:5      | Reached XP level 9. HP: 15/54 MP: 1/13
  5385 | D:6      | Reached skill level 6 in Fighting
  5432 | D:6      | Found a transporter.
  5436 | D:6      | Found a transporter.
  5479 | D:6      | Found a runed translucent door.
  5480 | D:6      | Noticed Crazy Yiuf
  5485 | D:6      | Killed Crazy Yiuf
  5545 | D:6      | Found a one-way gate to the infinite horrors of the Abyss.
  5545 | D:6      | Noticed Jingleheimer's ghost (novice FoDe)
  5559 | D:6      | You pick up a book of Transmutation and begin reading...
  5559 | D:6      | You add the spells Petrify and Irradiate to your library.
  5622 | D:6      | Learned a level 5 spell: Irradiate
  5633 | D:6      | Found a staircase to the Ecumenical Temple.
  5642 | Temple   | Found a transporter.
  5642 | Temple   | Found a transporter.
  5642 | Temple   | Found a transporter.
  5642 | Temple   | Found a transporter.
  5642 | Temple   | Entered the Ecumenical Temple
  5662 | Temple   | Became a worshipper of Vehumet
  5689 | D:6      | Noticed Menkaure
  5695 | D:6      | HP: 12/55 [ogre/+0 giant spiked club (9)]
  5697 | D:6      | HP: 3/55 [ogre/+0 giant spiked club (11)]
  5697 | D:6      | Slain by a gnoll sergeant

Vanquished Creatures
  Pikel (D:5)
  Sigmund (D:3)
  A water moccasin (D:4)
  3 ice beasts
  2 ogres (D:5)
  A phantom (D:4)
  2 lemures (D:5)
  2 bullfrogs (D:6)
  3 scorpions
  A jelly (D:4)
  3 hounds
  Crazy Yiuf (D:6)
  3 orc priests
  Natasha (thrice) (D:2)
  2 iguanas
  An orc wizard (D:2)
  2 adders
  2 gnolls
  2 dart slugs
  2 ribbon worms
  12 orcs
  4 ball pythons
  6 bats
  9 endoplasms
  3 giant cockroaches
  10 goblins
  3 hobgoblins
  5 jackals
  9 kobolds
  10 quokkas
  2 frilled lizards (D:2)
  7 rats
118 creatures vanquished.

Vanquished Creatures (collateral kills)
  A foxfire (D:3)
1 creature vanquished.

Vanquished Creatures (others)
  156 foxfires
156 creatures vanquished.

Grand Total: 275 creatures vanquished

Table legend:
 A = Non-vault XP
 B = Vault XP
 C = Vault XP percentage of total XP
 D = Non-vault monster count
 E = Vault monster count
 F = Vault count percentage of total count
                 A         B        C        D         E       F
            +---------+---------+-------+---------+---------+-------
      Total |    1980 |    1034 |  34.3 |     101 |      15 |  12.9
            +---------+---------+-------+---------+---------+-------
        D:1 |      43 |       0 |   0.0 |      22 |       0 |   0.0
        D:2 |     144 |      51 |  26.2 |      20 |      12 |  37.5
        D:3 |     133 |     247 |  65.0 |      22 |       1 |   4.3
        D:4 |     507 |       0 |   0.0 |      22 |       0 |   0.0
        D:5 |     549 |     697 |  55.9 |       8 |       1 |  11.1
        D:6 |     604 |      39 |   6.1 |       7 |       1 |  12.5
            +---------+---------+-------+---------+---------+-------

Skill      XL: |  1  2  3  4  5  6  7  8  9 |
---------------+----------------------------+-----
Conjurations   | 2 3 4 5 |  5.0
Shields        | 1 2 3 |  3.0
Fire Magic     | 4 5 6 7 |  7.0
Spellcasting   | 3 |  3.0
Fighting       | 2 5 6 |  6.0
Dodging        | 2 |  2.7
Translocations | 4 |  4.5
Stealth        | |  2.1

Action                     |  1- 3 |  4- 6 |  7- 9 || total
---------------------------+-------+-------+-------++-------
  Melee: Dagger            |    19 |     7 |       ||    26
         Short sword       |       |    79 |    51 ||   130
   Cast: Foxfire           |    34 |    40 |    21 ||    95
         Scorch            |       |    29 |    84 ||   113
  Evoke: Wand              |       |       |     3 ||     3
    Use: Potion            |       |     4 |     1 ||     5
         Scroll            |       |     5 |     6 ||    11
   Stab: Sleeping          |     1 |       |       ||     1
         Paralysed         |       |       |     2 ||     2
 Armour: Robe              |    11 |    72 |    75 ||   158
  Dodge: Dodged            |     8 |    58 |    63 ||   129
  Block: Buckler           |       |    12 |    21 ||    33

Illustrated notes

Table legend:
 A = Kills in this place as a percentage of kills in the entire game.
 B = Kills by you in this place as a percentage of kills by you in the entire game.
 C = Kills by friends in this place as a percentage of kills by friends in the entire game.
 D = Other kills in this place as a percentage of other kills in the entire game.
 E = Experience gained in this place as a percentage of experience gained in the entire game.
 F = Experience gained in this place divided by the number of levels of this place that you have seen.
                   A       B       C       D       E      F
               +-------+-------+-------+-------+-------+----------------------
         Total | 100.0 | 100.0 |   N/A |   N/A | 100.0 | 430.6
       Dungeon | 100.0 | 100.0 |   N/A |   N/A | 100.0 | 502.3
               +-------+-------+-------+-------+-------+----------------------

Table legend: (Time is in decaauts)
 A = Elapsed time spent in this place.
 B = Non-inter-level travel time spent in this place.
 C = Inter-level travel time spent in this place.
 D = Time resting spent in this place.
 E = Time spent auto-exploring this place.
 F = Levels seen in this place.
 G = Mean time per level.
                   A        B        C        D        E       F      G
               +--------+--------+--------+--------+--------+-----+--------+
         Total |   5686 |   5329 |    357 |    944 |   2309 |   7 |  812.3 |
       Dungeon |   5649 |   5306 |    343 |    944 |   2309 |   6 |  941.5 |
        Temple |     36 |     22 |     14 |      0 |      0 |   1 |   36.0 |
               +--------+--------+--------+--------+--------+-----+--------+

Top non-repeatable levels by time:
     D:2: 1465 daAuts
     D:5: 1117 daAuts
     D:4: 969 daAuts
     D:1: 911 daAuts
     D:3: 869 daAuts
     D:6: 316 daAuts
  Temple: 36 daAuts
